 Dungeon Crawl Stone Soup version 0.29-a0-284-gf9362112df (webtiles) character file.

Game seed: 676752993376795663

62875 jlumianski the Cleaver (level 14, -6/108 HPs)
             Began as a Demonspawn Fighter on Mar 28, 2022.
             Was a High Priest of Okawaru.
             Killed from afar by an ice dragon (49 damage)
             ... with a blast of cold
             ... on level 15 of the Dungeon on Mar 31, 2022.
             The game lasted 02:06:30 (19324 turns).

jlumianski the Cleaver (Demonspawn Fighter)        Turns: 19324, Time: 02:06:30

Health: -6/108     AC: 23    Str: 25    XL:     14   Next: 66%
Magic:  17/23      EV: 19    Int: 13    God:    Okawaru [*****.]
Gold:   1208       SH: 12    Dex: 21    Spells: 11/13 levels left

rFire   + + +      SeeInvis .   S - +5 broad axe of Woexzu {freeze, rF+ Int+3}
rCold   . . .      Faith    .   c - +0 buckler
rNeg    . . .      Spirit   .   x - +0 acid dragon scales
rPois   .          Reflect  .   (no helmet)
rElec   +          Harm     .   Z - +1 cloak of the Fife {rElec rF+++ Int-2 Slay+3}
rCorr   +          Rampage  .   (gloves unavailable)
Will    ++...                   m - +2 pair of boots
Stlth   ++++......              t - amulet of regeneration
HPRegen 1.08/turn               n - +6 ring of strength
MPRegen 0.18/turn               H - +6 ring of dexterity

@: heroic, finesse-ful
A: claws 3, thin skeletal structure 1, foul stench 2, icemail 2, condensation
shield, demonic willpower
a: Renounce Religion, Heroism, Finesse, Duel


You were on level 15 of the Dungeon.
You worshipped Okawaru.
Okawaru was extremely pleased with you.
You visited 3 branches of the dungeon, and saw 18 of its levels.

You collected 1775 gold pieces.
You spent 567 gold pieces at shops.

Inventory:

Hand Weapons
 h - a +1 hand crossbow of freezing
 l - the +2 hand crossbow "Xiucrerr" {penet, rElec rPois Dex+2}
   (Okawaru gifted it to you on level 2 of the Orcish Mines)

   Any ammunition fired by it passes through the targets it hits, potentially
   hitting all targets in its path until it reaches maximum range.
   Dex:       It affects your dexterity (+2).
   rElec:     It insulates you from electricity.
   rPois:     It protects you from poison.
 N - the +6 rapier "Wigomuje" {drain, rPois rF++ rC- rN+}
   (Okawaru gifted it to you on level 9 of the Dungeon)

   A truly terrible weapon, it drains the life of any living foe it strikes.
   rF:        It greatly protects you from fire.
   rC:        It makes you vulnerable to cold.
   rPois:     It protects you from poison.
   rN:        It protects you from negative energy.
 O - the +5 trident "Istod" {freeze, Will++}
   (You found it on level 9 of the Dungeon)

   It freezes those it strikes, dealing additional cold damage.
   It can also slow down cold-blooded creatures.
   Will:      It greatly increases your willpower.
 S - the +5 broad axe of Woexzu (weapon) {freeze, rF+ Int+3}
   (You acquired it on level 10 of the Dungeon)

   It freezes those it strikes, dealing additional cold damage.
   It can also slow down cold-blooded creatures.
   Int:       It affects your intelligence (+3).
   rF:        It protects you from fire.
Missiles
 b - 8 silver javelins
 i - 18 boomerangs (quivered)
 j - 23 atropa-tipped darts
 D - a throwing net
 G - 4 datura-tipped darts
 Q - 13 javelins
Armour
 c - a +0 buckler (worn)
 m - a +2 pair of boots (worn)
 x - +0 acid dragon scales (worn)
 Z - the +1 cloak of the Fife (worn) {rElec rF+++ Int-2 Slay+3}
   (Okawaru gifted it to you on level 12 of the Dungeon)

   Int:       It affects your intelligence (-2).
   Slay:      It affects your accuracy & damage with ranged weapons and melee
   (+3).
   rF:        It renders you almost immune to fire.
   rElec:     It insulates you from electricity.
Jewellery
 n - a +6 ring of strength (left claw)
 t - an amulet of regeneration (around neck)
 A - a ring of see invisible
 C - a ring of positive energy
 H - a +6 ring of dexterity (right claw)
Wands
 k - a wand of iceblast (6)
 p - a wand of digging (5)
 w - a wand of paralysis (23)
 E - a wand of polymorph (3)
 L - a wand of flame (54)
Scrolls
 a - 2 scrolls of immolation
 e - 4 scrolls of teleportation
 g - 4 scrolls of identify
 q - a scroll of amnesia
 r - a scroll of blinking
 s - 3 scrolls of fear
 u - 2 scrolls of silence
 v - 3 scrolls of magic mapping
 y - a scroll of brand weapon
 B - a scroll of enchant armour
 V - a scroll of fog
Potions
 d - 3 potions of might
 f - 2 potions of heal wounds
 o - 3 potions of curing
 z - 5 potions of attraction
 I - a potion of ambrosia
 K - 4 potions of cancellation
 W - 2 potions of flight
 Y - a potion of haste


   Skills:
 + Level 9.5(14.5) Fighting
 + Level 13.4(18.5) Axes
 + Level 1.6(13.8) Polearms
 + Level 3.8(9.3) Slings
 - Level 2.4(7.4) Crossbows
 * Level 2.8(8.8) Throwing
 + Level 7.0(12.0) Armour
 + Level 5.1(10.1) Dodging
 - Level 0.1(5.1) Stealth
 + Level 7.8(12.8) Shields
 + Level 0.5(5.5) Unarmed Combat
 - Level 7.1 Translocations
 * Level 13.1 Invocations
 * Level 7.8 Evocations


You had 11 spell levels left.
You knew the following spells:

 Your Spells              Type           Power      Damage    Failure   Level
a - Blink                 Tloc           36%        N/A       3%          2

Your spell library contained the following spells:

 Spells                   Type           Power      Damage    Failure   Level
 Apportation              Tloc           36%        N/A       2%          1
 Gell's Gravitas          Tloc           18%        N/A       7%          3
 Lesser Beckoning         Tloc           18%        N/A       7%          3
 Teleport Other           Tloc           18%        N/A       7%          3
 Beastly Appendage        Tmut           0%         N/A       38%         1
 Pain                     Necr           0%         1d4       38%         1
 Manifold Assault         Tloc           18%        N/A       52%         5
 Corpse Rot               Necr/Air       0%         N/A       54%         2
 Wereblood                Tmut           0%         N/A       54%         2
 Iskenderun's Mystic Bla  Conj/Tloc      9%         2d4       67%         4
 Dazzling Flash           Conj/Hex       0%         N/A       77%         3
 Ozocubu's Armour         Ice            0%         N/A       77%         3
 Spider Form              Tmut/Pois      0%         N/A       77%         3
 Vampiric Draining        Necr           0%         2d6       77%         3
 Cause Fear               Hex            0%         N/A       99%         4
 Dispel Undead            Necr           0%         3d6       99%         4
 Petrify                  Tmut/Erth      0%         N/A       99%         4
 Alistair's Intoxication  Tmut/Pois      0%         N/A       100%        5
 Metabolic Englaciation   Hex/Ice        0%         N/A       100%        5
 Starburst                Conj/Fire      0%         6d3       100%        6
 Statue Form              Tmut/Erth      0%         N/A       100%        6
 Dragon Form              Tmut           0%         N/A       100%        7
 Storm Form               Tmut/Air       0%         N/A       100%        7
 Maxwell's Capacitive Co  Air            0%         ∞         100%        8
 Animate Skeleton         Necr           Unusable   N/A       N/A         1
 Summon Lightning Spire   Summ/Air       Unusable   N/A       N/A         4
 Death Channel            Necr           Unusable   N/A       N/A         6
 Simulacrum               Ice/Necr       Unusable   N/A       N/A         6
 Dragon's Call            Summ           Unusable   N/A       N/A         9

Dungeon Overview and Level Annotations

Branches:
Dungeon (15/15)            Temple (0/1) D:6            Lair (1/6) D:8
    Orc (2/2) D:12            Elf (0/3) Orc:2        Vaults (0/5) D:13
 Depths: D:15

Altars:
Hepliaklqana
Nemelex Xobeh
Okawaru
Trog
Uskayaw
Wu Jian
Xom

Shops:
Orc:2 [=?*

Portals:
Pandemonium: Orc:2
Trove: D:12 (give horn of Geryon)

Annotations:
D:7 exclusion: ice statue


Innate Abilities, Weirdness & Mutations

You have claws for hands.
You have a somewhat thin skeletal structure. (Dex +2, Stealth+)
You sometimes emit foul miasma when damaged in melee.
A meltable icy envelope protects you from harm. (AC +8)
A meltable shield of frost defends you. (SH +4)
You punish those that try to bend your will. (Will+)


Message History

The blast of cold misses you. The ice dragon breathes frost at you.
The blast of cold hits you!!
The ice dragon bites you but does no damage.
The ice dragon claws you. You block the ice dragon's attack.
You hit the ice dragon but do no damage.
The ice dragon is lightly wounded.
You barely miss the ice dragon.
The ice dragon is lightly wounded.
The ice dragon bites you but does no damage.
The ice dragon completely misses you. The ice dragon tramples you.
You hold your ground!
You slice the ice dragon!! You freeze the ice dragon.
The ice dragon is heavily wounded.
You slash the ice dragon!
The ice dragon is heavily wounded.
You slice the ice dragon!!
The ice dragon is severely wounded.
The ice dragon closely misses you. The ice dragon completely misses you.
The ice dragon tramples you but does no damage.
The ice dragon breathes frost at you.
The blast of cold hits the ice dragon.
The ice dragon resists.
The blast of cold hits you!!!
You slash the ice dragon!
The ice dragon is almost dead.
You hit the ice dragon.
The ice dragon is almost dead.
You barely miss the ice dragon.
The ice dragon is almost dead.
The ice dragon breathes frost at you. The blast of cold misses you.
You completely miss the ice dragon.
The ice dragon is almost dead.
You slash the ice dragon!
You kill the ice dragon!
Okawaru accepts your kill.
The ice dragon scales are intact enough to wear.
The ice dragon breathes frost at you. The blast of cold hits you!!!
You die...

############.D...
##.....#
##...##..D..
##..8.## $$$
#......# #
###...## #..##
#D## #@# #.#
###### #.# #.....
#.# #.....
#.###########.....
#.................
###...............
#...............
#...............


You could see an ice dragon (catching breath).

Vanquished Creatures
  Rupert (D:15)
  Frances (D:14)
  An ironbound preserver (D:13)
  Nessos (D:12)
  Azrael (D:14)
  The ghost of Gaivysus the Tainter, a journeyman NaVM of Gozag (Orc:1)
  A hydra (D:8)
  An ice dragon (D:15)
  Erolcha (D:11)
  2 demonspawn (Orc:2)
  2 boulder beetles
  8 centaur warriors
  4 two-headed ogres
  Erica (Orc:1)
  A death knight (D:13)
  A tengu warrior (D:14)
  4 orc high priests (Orc:2)
  A sixfirhy (Orc:2)
  5 skeletal warriors
  A wizard (D:15)
  A phantasmal warrior (D:13)
  Pikel (D:7)
  4 orc knights
  3 deep elf pyromancers
  11 orc sorcerers
  15 ugly things
  4 cyclopes
  3 manticores
  Joseph (D:9)
  Maurice (D:8)
  A cane toad (Lair:1)
  2 kobold demonologists (D:10)
  A tengu conjurer (D:14)
  A komodo dragon (D:10)
  9 trolls
  2 freezing wraiths (D:13)
  2 red devils (Orc:2)
  A polar bear (shapeshifter) (D:13)
  8 slime creatures
  Prince Ribbit (D:9)
  Sigmund (D:5)
  3 wyverns
  A centaur simulacrum (D:14)
  A vampire (D:11)
  6 wraiths
  4 fire elementals (D:14)
  2 shadows
  9 yaks
  16 vampire mosquitoes
  Menkaure (D:6)
  An acid dragon (D:9)
  4 hell hounds (D:14)
  36 orc warriors
  A sky beast (D:6)
  A black bear (D:3)
  6 ogres
  A swamp drake (D:12)
  9 centaurs
  5 kobold brigands
  4 bullfrogs
  2 necrophages
  3 scorpions
  4 wights
  A killer bee (D:9)
  13 howler monkeys
  5 lava snakes (D:11)
  A hound (D:6)
  2 gnoll shamans
  2 jellies (D:5)
  22 orc priests
  4 iguanas
  26 orc wizards
  12 adders
  9 gnolls
  A white imp (D:8)
  An ufetubus (D:4)
  A worm (D:3)
  5 dart slugs
  73 orcs
  6 ball pythons
  8 bats
  4 endoplasms
  A giant cockroach (D:1)
  3 hobgoblins
  4 jackals
  22 kobolds
  5 frilled lizards
  6 goblins
  5 rats
474 creatures vanquished.

Vanquished Creatures (others)
  18 fungi
  28 plants
46 creatures vanquished.

Grand Total: 520 creatures vanquished

Notes
Turn   | Place    | Note
-------+----------+-------------------------------------------
     0 | D:1      | jlumianski the Demonspawn Fighter began the quest for the
                  | Orb.
     0 | D:1      | Reached XP level 1. HP: 18/18 MP: 1/1
   169 | D:1      | Gained mutation: You have sharp fingernails. [demonic
                  | ancestry]
   169 | D:1      | Reached XP level 2. HP: 20/24 MP: 2/2
   417 | D:2      | Gained mutation: A meltable shield of frost defends you.
                  | (SH +4) [demonic ancestry]
   417 | D:2      | Reached XP level 3. HP: 18/29 MP: 3/3
   420 | D:2      | Learned a level 2 spell: Blink
  1062 | D:1      | Reached XP level 4. HP: 35/35 MP: 4/4
  1201 | D:1      | Found a faded altar of an unknown god.
  1471 | D:1      | Reached skill level 1 in Dodging
  2654 | D:3      | Reached skill level 1 in Translocations
  2679 | D:3      | Gained mutation: You may rarely emit foul miasma when
                  | damaged in melee. [demonic ancestry]
  2679 | D:3      | Reached XP level 5. HP: 38/41 MP: 5/5
  2767 | D:3      | Noticed a black bear
  2777 | D:3      | Killed a black bear
  2778 | D:3      | Reached skill level 1 in Slings
  3725 | D:4      | Found a hazy altar of Hepliaklqana.
  3727 | D:4      | Found a hide-covered altar of Uskayaw.
  3727 | D:4      | Found an ornate altar of the Wu Jian Council.
  3727 | D:4      | You fall into a shaft and drop 3 floors!
  3780 | D:7      | Noticed an orc warrior
  3788 | D:8      | Gained mutation: You sometimes emit foul miasma when
                  | damaged in melee. [demonic ancestry]
  3788 | D:8      | Reached XP level 6. HP: 35/48 MP: 6/6
  3826 | D:7      | Found an iron altar of Okawaru.
  3828 | D:7      | Noticed Menkaure
  3834 | D:7      | Became a worshipper of Warmaster Okawaru
  3894 | D:6      | Noticed an orc warrior
  3913 | D:5      | Entered Level 5 of the Dungeon
  3974 | D:4      | Found a sparkling altar of Nemelex Xobeh.
  4501 | D:5      | Noticed an orc warrior
  4507 | D:5      | Gained mutation: You have very sharp fingernails. [demonic
                  | ancestry]
  4507 | D:5      | Reached XP level 7. HP: 53/53 MP: 7/7
  4515 | D:5      | Reached * piety under Okawaru
  4623 | D:5      | Noticed Sigmund
  4641 | D:5      | Killed Sigmund
  4642 | D:5      | Reached skill level 1 in Invocations
  4814 | D:5      | Noticed a wyvern
  4828 | D:5      | Killed a wyvern
  4828 | D:5      | Reached ** piety under Okawaru
  4829 | D:5      | Gained mutation: You have a somewhat thin skeletal
                  | structure. (Dex +2, Stealth+) [demonic ancestry]
  4829 | D:5      | Reached XP level 8. HP: 36/60 MP: 6/9
  5036 | D:5      | Reached skill level 5 in Axes
  5242 | D:6      | Reached *** piety under Okawaru
  5352 | D:6      | Noticed a troll
  5372 | D:6      | Killed a troll
  5373 | D:6      | Gained mutation: A meltable icy envelope protects you from
                  | harm. (AC +8) [demonic ancestry]
  5373 | D:6      | Reached XP level 9. HP: 66/66 MP: 11/11
  5548 | D:6      | Received a gift from Okawaru
  5935 | D:6      | Reached skill level 5 in Armour
  6078 | D:6      | Found a staircase to the Ecumenical Temple.
  6207 | D:6      | Killed Menkaure
  6880 | D:7      | Noticed Pikel
  6909 | D:7      | Killed Pikel
  6910 | D:7      | Reached skill level 5 in Invocations
  6972 | D:7      | Reached skill level 5 in Fighting
  7323 | D:7      | Noticed an ice statue
  7586 | D:8      | Reached skill level 5 in Translocations
  7620 | D:8      | Reached **** piety under Okawaru
  7690 | D:8      | Found a staircase to the Lair.
  7723 | D:8      | Noticed Maurice
  7763 | D:8      | Killed Maurice
  7764 | D:8      | Gained mutation: A meltable icy envelope protects you from
                  | harm. (AC +8) [demonic ancestry]
  7764 | D:8      | Reached XP level 10. HP: 74/74 MP: 14/14
  7796 | D:8      | Noticed a two-headed ogre
  7827 | D:8      | Killed a two-headed ogre
  7828 | D:8      | Reached skill level 5 in Shields
  8085 | D:8      | Noticed a four-headed hydra
  8101 | D:8      | Killed a four-headed hydra
  8101 | D:8      | Received a gift from Okawaru
  8254 | D:8      | Reached ***** piety under Okawaru
  8442 | D:9      | Noticed a two-headed ogre
  8455 | D:9      | Killed a two-headed ogre
  8477 | D:9      | Noticed Prince Ribbit
  8493 | D:9      | Killed Prince Ribbit
  8521 | D:9      | Noticed Joseph
  8540 | D:9      | Killed Joseph
  8541 | D:9      | Reached XP level 11. HP: 35/81 MP: 16/16
  8769 | D:9      | Identified the +6 rapier "Wigomuje" {drain, rPois rF++ rC-
                  | rN+} (Okawaru gifted it to you on level 9 of the Dungeon)
  8769 | D:9      | Received a gift from Okawaru
  8790 | D:9      | Noticed a boulder beetle
  8835 | D:8      | Killed a boulder beetle
  8904 | D:9      | Found a shimmering altar of Xom.
  9068 | D:9      | Identified the +5 trident "Istod" {freeze, Will++}
  9175 | D:10     | Entered Level 10 of the Dungeon
  9641 | D:10     | Identified a scroll of acquirement
  9690 | D:10     | Acquired the +5 broad axe of Woexzu {freeze, rF+ Int+3}
  9761 | D:10     | Reached skill level 1 in Evocations
  9928 | D:11     | Noticed Erolcha
  9950 | D:11     | Killed Erolcha
 10095 | D:12     | Noticed Nessos
 10532 | D:11     | Noticed a two-headed ogre
 10550 | D:10     | Killed a two-headed ogre
 10551 | D:10     | Reached skill level 1 in Polearms
 10711 | D:11     | Noticed a purple ugly thing
 10717 | D:11     | Killed a purple ugly thing
 10718 | D:11     | Reached skill level 10 in Axes
 10864 | D:11     | Noticed a white ugly thing
 10876 | D:11     | Killed a white ugly thing
 11242 | D:12     | Gained mutation: You have claws for hands. [demonic
                  | ancestry]
 11242 | D:12     | Reached XP level 12. HP: 89/89 MP: 19/19
 11343 | D:12     | Identified the +1 cloak of the Fife {rElec rF+++ Int-2
                  | Slay+3} (Okawaru gifted it to you on level 12 of the
                  | Dungeon)
 11343 | D:12     | Received a gift from Okawaru
 11370 | D:12     | Killed Nessos
 11381 | D:12     | HP: 3/91 [troll (15)]
 11910 | D:12     | Found a staircase to the Orcish Mines.
 12092 | D:12     | Found a portal to a secret trove of treasure.
 12285 | D:13     | Noticed a centaur warrior
 12290 | D:13     | Killed a centaur warrior
 12291 | D:13     | Reached skill level 10 in Invocations
 12327 | D:13     | Noticed a centaur warrior
 12338 | D:13     | Killed a centaur warrior
 12440 | D:13     | Noticed a centaur warrior
 12457 | D:13     | Killed a centaur warrior
 12640 | D:13     | Noticed a death knight
 12678 | D:13     | Killed a death knight
 13011 | Lair:1   | Entered Level 1 of the Lair of Beasts
 13192 | Orc:1    | Entered Level 1 of the Orcish Mines
 13235 | Orc:1    | Found a large runed translucent door.
 13235 | Orc:1    | Found a large runed translucent door.
 13340 | Orc:1    | Noticed Erica
 13348 | Orc:1    | Killed Erica
 13349 | Orc:1    | Reached skill level 5 in Evocations
 13580 | Orc:1    | Noticed Gaivysus's ghost (journeyman NaVM)
 13599 | Orc:1    | Paralysed by an orc sorcerer for 5 turns
 13609 | Orc:1    | Paralysed by an orc sorcerer for 2 turns
 13689 | Orc:1    | Reached XP level 13. HP: 49/98 MP: 21/21
 14022 | Orc:1    | Killed Gaivysus's ghost
 14096 | Orc:2    | Entered Level 2 of the Orcish Mines
 14119 | Orc:1    | Reached ****** piety under Okawaru
 14301 | Orc:2    | Found a staircase to the Elven Halls.
 14346 | Orc:2    | Identified the +2 hand crossbow "Xiucrerr" {penet, rElec
                  | rPois Dex+2} (Okawaru gifted it to you on level 2 of the
                  | Orcish Mines)
 14346 | Orc:2    | Received a gift from Okawaru
 14701 | Orc:2    | Found Piecko's General Store.
 14704 | Orc:2    | Found Juca's Magic Scroll Boutique.
 14752 | Orc:2    | Reached skill level 1 in Crossbows
 14832 | Orc:2    | Found a bloodstained altar of Trog.
 15288 | Orc:2    | Paralysed by an orc sorcerer for 6 turns
 15526 | Orc:2    | Paralysed by an orc sorcerer for 2 turns
 15573 | Orc:2    | Received a gift from Okawaru
 15797 | Orc:2    | Received a gift from Okawaru
 15911 | Orc:2    | Found Tiukoucs's Antique Armour Shoppe.
 15911 | Orc:2    | Found Anogho's Jewellery Emporium.
 15912 | Orc:2    | Found a one-way gate leading to the halls of Pandemonium.
 16032 | Orc:2    | Bought 2 potions of mutation for 224 gold pieces
 16034 | Orc:2    | Bought a scroll of blinking for 97 gold pieces
 16034 | Orc:2    | Bought a scroll of enchant armour for 97 gold pieces
 16034 | Orc:2    | Bought a scroll of silence for 97 gold pieces
 16034 | Orc:2    | Bought a scroll of identify for 26 gold pieces
 16034 | Orc:2    | Bought a scroll of identify for 26 gold pieces
 16624 | D:13     | Found a gate to the Vaults.
 16625 | D:13     | Noticed an ironbound preserver
 16642 | D:13     | Killed an ironbound preserver
 16657 | D:13     | Received a gift from Okawaru
 16658 | D:13     | Gained mutation: You punish those that try to bend your
                  | will. (Will+) [demonic ancestry]
 16658 | D:13     | Reached XP level 14. HP: 106/108 MP: 17/23
 16940 | D:13     | Received a gift from Okawaru
 17172 | D:12     | HP: 4/108 [white ugly thing (29)]
 17501 | D:14     | Reached skill level 1 in Throwing
 17687 | D:14     | Found an iron altar of Okawaru.
 17912 | D:14     | Noticed Frances
 17938 | D:14     | Killed Frances
 17949 | D:14     | Noticed Azrael
 17964 | D:14     | Killed Azrael
 18162 | D:15     | Entered Level 15 of the Dungeon
 18582 | D:15     | Reached skill level 5 in Dodging
 18630 | D:15     | Identified the +0 hat of Instinct {rC+ rCorr} (Okawaru
                  | gifted it to you on level 15 of the Dungeon)
 18630 | D:15     | Received a gift from Okawaru
 18992 | D:15     | Noticed Rupert
 19011 | D:15     | Killed Rupert
 19324 | D:15     | Killed from afar by an ice dragon

Illustrated notes

Levels and vault maps discovered:
D:1:      saegor_arrival_simple_b, layout_basic, serial_rivers,
          chequers_serial_rivers_micro_d, chequers_serial_rivers_micro_c,
          chequers_serial_rivers_small_b, chequers_serial_rivers_micro_c,
          chequers_serial_rivers_micro_b, shapermc_ecumenical_altar_venn,
          corexii_leaking_fountain
D:2:      layout_basic, grunt_ministairs_8
D:3:      layout_basic, serial_rivers, chequers_serial_rivers_small_a,
          chequers_serial_rivers_marsh, chequers_serial_rivers_micro_d,
          chequers_serial_rivers_micro_c, chequers_serial_rivers_micro_d,
          serial_bayou_lagoon_a
D:4:      layout_basic, grunt_temple_overflow_open, serial_aquarium,
          aquarium_bridge_square [aquarium_subvault_window,
          aquarium_subvault_wall, aquarium_subvault_bridge,
          aquarium_subvault_wall], aquarium_window_fake, aquarium_window_1,
          aquarium_view_2f, aquarium_balcony_5b
D:5:      layout_rooms, serial_corexii_hall, corexii_hall_statues_u,
          corexii_hall_statues_s, corexii_hall_statues_x, uniq_sigmund
D:6:      layout_loops_corners, minmay_temple_entry_fiery
D:7:      lemuel_ice_statue, layout_layer_cave, old_standard_altar, uniq_pikel,
          uniq_menkaure
D:8:      layout_gridville, grunt_lair_entry_orc_guard_hut, uniq_maurice
D:9:      layout_cave_pools, xom_confusion_cloud, serial_column_ruins,
          column_ruins_columns_corner, column_ruins_corridor_straight,
          column_ruins_open_medium, column_ruins_grid_1,
          column_ruins_open_small, column_ruins_open_tiny_water,
          column_ruins_grid_3, uniq_prince_ribbit1, uniq_joseph
D:10:     layout_roguey, chequers_serial_rivers_large_a
D:11:     erik_rubicon_a, layout_irregular_city, grunt_ministairs_4,
          uniq_erolcha
D:12:     layout_long_grid, erik_orc_1, enter_trove_3, uniq_nessos
D:13:     layout_basic, skrybe_vaults_entry_preservation
D:14:     layout_grid_maze, okawaru_metal_pillars_1_2, uniq_frances, uniq_azrael
D:15:     grunt_enter_depths_hoard, layout_basic, amethyst_killhole, uniq_rupert
Lair:1:   layout_regular_city, st_stairs_9, minivault_27, lemuel_fruit_fields
Orc:1:    layout_caves, ebering_ghost_disaster_area, guppyfry_library_mini,
          uniq_erica
Orc:2:    pf_orc_diabolical, layout_caves, basic_altar

Skill      XL: |  1  2  3  4  5  6  7  8  9 10 11 12 13 14 |
---------------+-------------------------------------------+-----
Armour         | 3 4 5 6 7 |  7.0
Axes           | 2 3 4 6 7 8 10 11 12 13 | 13.4
Shields        | 3 4 5 6 7 |  7.8
Dodging        | 1 2 3 4 5 |  5.1
Translocations | 1 2 4 5 6 7 |  7.1
Slings         | 1 2 3 |  3.8
Fighting       | 4 5 6 7 9 |  9.5
Invocations    | 1 3 6 7 9 10 12 13 | 13.1
Evocations     | 3 5 6 7 |  7.8
Polearms       | 1 |  1.6
Crossbows      | 2 |  2.4
Throwing       | 2 |  2.8
Stealth        | |  0.1
Unarmed Combat | |  0.5

Action                   |  1- 3 |  4- 6 |  7- 9 | 10-12 | 13-15 || total
-------------------------+-------+-------+-------+-------+-------++-------
Melee: War axe           |    94 |   164 |   283 |   279 |       ||   820
       Trident           |       |       |       |    18 |    19 ||    37
       Broad axe         |       |       |       |   295 |   579 ||   874
       Unarmed           |       |       |       |     6 |       ||     6
       Punch             |       |       |       |     2 |     2 ||     4
 Fire: Hunting sling     |    10 |    51 |    18 |    37 |       ||   116
       Hand crossbow     |       |       |       |     6 |    48 ||    54
Throw: Boomerang         |       |       |       |       |     7 ||     7
Invok: Heroism           |       |       |     3 |     8 |     8 ||    19
       Finesse           |       |       |       |     4 |     9 ||    13
Evoke: Wand              |       |     2 |     1 |     1 |     1 ||     5
  Use: Scroll            |       |    13 |     5 |    12 |     5 ||    35
       Potion            |       |     2 |       |     5 |     2 ||     9
 Stab: Sleeping          |       |       |       |     2 |       ||     2
Armor: Scale mail        |    38 |       |       |       |       ||    38
       Chain mail        |    31 |   117 |   138 |    65 |       ||   351
       Acid dragon scale |       |       |       |   212 |   241 ||   453
Dodge: Dodged            |    44 |    82 |    88 |   333 |   314 ||   861
Block: Buckler           |    35 |   106 |   104 |   274 |   258 ||   777
       Other             |       |       |       |    13 |    26 ||    39

Table legend: (Time is in decaauts)
 A = Elapsed time spent in this place.
 B = Non-inter-level travel time spent in this place.
 C = Inter-level travel time spent in this place.
 D = Time resting spent in this place.
 E = Time spent auto-exploring this place.
 F = Levels seen in this place.
 G = Mean time per level.
                   A        B        C        D        E       F      G
               +--------+--------+--------+--------+--------+-----+--------+
         Total |  19540 |  18594 |    946 |   1234 |  10774 |  18 | 1085.6 |
       Dungeon |  16582 |  15688 |    894 |    994 |   9440 |  15 | 1105.5 |
          Lair |     10 |      8 |      2 |      0 |      0 |   1 |   10.0 |
  Orcish Mines |   2948 |   2899 |     49 |    240 |   1334 |   2 | 1474.0 |
               +--------+--------+--------+--------+--------+-----+--------+

Top non-repeatable levels by time:
   Orc:2: 1775 daAuts
    D:11: 1523 daAuts
     D:2: 1401 daAuts
    D:12: 1326 daAuts
    D:13: 1244 daAuts
     D:6: 1218 daAuts
     D:7: 1209 daAuts
   Orc:1: 1172 daAuts
     D:8: 1172 daAuts
    D:15: 1145 daAuts
     D:3: 1115 daAuts
    D:10: 987 daAuts
     D:1: 976 daAuts
     D:5: 880 daAuts
     D:9: 826 daAuts
